 Dungeon Crawl Stone Soup version 0.31.0-32-g396128a36d (webtiles) character file.

Game seed: 13423784873732481006

45 Doomgape the Covered (level 3, -5/24 HPs)
             Began as a Gargoyle Fighter on Mar 21, 2024.
             Slain by Sigmund
             ... wielding a +0 scythe
              (8 damage)
             ... on level 2 of the Dungeon.
             The game lasted 00:02:11 (937 turns).

Doomgape the Covered (Gargoyle Fighter)              Turns: 937, Time: 00:02:12

Health: -5/24      AC: 10    Str: 21    XL:     3   Next: 64%
Magic:  3/3        EV:  9    Int:  8    God:
Gold:   85         SH:  4    Dex:  9    Spells: 2/2 levels left

rFire   . . .        a - +0 flail
rCold   . . .        c - +0 buckler
rNeg    + . .        b - +0 scale mail
rPois   ∞            (no helmet)
rElec   +            (no cloak)
rCorr   .            (no gloves)
SInv    .            (no boots)
Will    .....        (no amulet) Stlth
                     (no ring)
HPRegen 0.24/turn    (no ring)
MPRegen 0.08/turn

%: no passive effects
@: mighty
A: sickness immunity, AC +3, negative energy resistance 1, electricity
resistance, torment resistance 1, petrification resistance
a: no special abilities


You were on level 2 of the Dungeon.
You visited 1 branch of the dungeon, and saw 2 of its levels.

You collected 85 gold pieces.

Inventory:

Hand Weapons
 a - a +0 flail (weapon)
Armour
 b - a +0 scale mail (worn)
 c - a +0 buckler (worn)
Scrolls
 e - a scroll of immolation {unknown}
 f - 2 scrolls of identify {unknown}
 h - 2 scrolls of enchant weapon {unknown}
 i - a scroll of amnesia {unknown}
 j - a scroll of revelation {unknown}
 k - a scroll of teleportation {unknown}
Potions
 d - 2 potions of might
 g - a potion of magic {unknown}
 l - a potion of cancellation {unknown}


   Skills:
 + Level 3.7 Fighting
 + Level 2.5 Maces & Flails
 + Level 3.7 Armour
 + Level 3.7 Shields


You had 2 spell levels left.
You didn't know any spells.
Your spell library was empty.

Dungeon Overview and Level Annotations

Branches:
Dungeon (2/15)

Altars:

Annotations:
D:2 Sigmund


Innate Abilities, Weirdness & Mutations

You are immune to sickness and miasma.
Your stone body is resilient. (AC +3)
You are immune to poison.
You resist negative energy. (rN+)
You are resistant to electric shocks. (rElec)
You are resistant to unholy torment.
You are immune to petrification.


Message History

The ball python bites you. The ball python closely misses you.
The gnoll hits you from afar with a +0 spear!
You barely miss the ball python.
The ball python is moderately wounded.
The ball python completely misses you. The ball python grabs you.
The ball python constricts you. The gnoll barely misses you.
The ball python bites you but does no damage.
The ball python constricts you.
You thump the ball python!
You kill the ball python!
The gnoll completely misses you. Something hits you but does no damage.
The gnoll barely misses you. The gnoll hits you but does no damage.
There is an open door here.
You see here a ball python corpse.
You sock the gnoll!
The gnoll is heavily wounded.
The gnoll barely misses you. The gnoll hits you but does no damage.
Something hits you but does no damage. The gnoll barely misses you.
The gnoll hits you but does no damage.
You closely miss the gnoll.
The gnoll is heavily wounded.
The gnoll barely misses you. The gnoll hits you but does no damage.
Something hits you!
You hit the gnoll.
The gnoll is severely wounded.
The gnoll closely misses you. The gnoll misses you.
You block something's attack.
You are too injured to fight recklessly!
You closely miss the gnoll.
The gnoll is severely wounded.
The gnoll hits you with a +0 flail.
* * * LOW HITPOINT WARNING * * *
The gnoll hits you but does no damage.
Unknown command.
You feel very mighty all of a sudden. You block the gnoll's attack.
The gnoll hits you with a +0 spear.
* * * LOW HITPOINT WARNING * * *
Something hits you!
You die...

#.# ....... #.#
....... #.# .......
#.######)......
###.......g......
#.......#........
###.#...{.#........ ..
#.gg..#.##..... ### .
##@##.......... ...
.####.##.#..##....
#.####.....#.....# ...
#....#.######.##.# ...
#....#.######.##+## .
# #..............#
...#.##.#†...........#
........#...>........#
...#...<#............#


You could see 2 gnolls.

Vanquished Creatures
  An adder (D:2)
  A gnoll (D:2)
  A dart slug (D:1)
  2 endoplasms (D:1)
  2 giant cockroaches
  3 hobgoblins (D:1)
  3 kobolds (D:1)
  A quokka (D:1)
  5 ball pythons
  5 bats
  A rat (D:1)
25 creatures vanquished.

Notes
Turn   | Place    | Note
-------+----------+-------------------------------------------
     0 | D:1      | Doomgape the Gargoyle Fighter began the quest for the Orb.
     0 | D:1      | Reached XP level 1. HP: 14/14 MP: 1/1
   174 | D:1      | Reached XP level 2. HP: 19/19 MP: 2/2
   804 | D:2      | Reached XP level 3. HP: 23/23 MP: 3/3
   919 | D:2      | Noticed Sigmund
   937 | D:2      | Slain by Sigmund

Illustrated notes

Levels and vault maps discovered:
D:1:      ncdulo_lavacross, layout_loops_ring, chequers_avenue,
          minmay_misc_feat_tiny, st_stairs_9
D:2:      layout_basic, nicolae_wormholes, uniq_sigmund, uniq_robin,
          uniq_natasha

Action                     || total
---------------------------++-------
  Melee: Flail             ||    96
    Use: Potion            ||     1
 Armour: Scale mail        ||    93
  Dodge: Dodged            ||    57
  Block: Buckler           ||    28
